Map: Orbital Shipyard

Players

Miszu - Winner!

  • Race: Terran Terran
  • League: Master

VladRock

  • Race: Terran Terran
  • League: Master

VOD

Have the link to the VOD?

Description

Time

  • Played on: March 12, 2016, 5:30 p.m.
  • Length: 12:11
Show
View Real Time Build Order
Export as new Build Order

Miszu Terran - Winner!

Build Orders: Bio Tank 

Get SALT Encoding   

  12  0:01  SCV  
  13  0:13  SCV  
  14  0:18  Supply Depot  
  14  0:25  SCV  
  15  0:39  SCV  
  16  0:43  Barracks  
  16  0:45  Refinery  
  16  0:51  SCV  
  17  1:03  SCV  
  18  1:18  SCV  
  19  1:35  Orbital Command  
  19  1:37  Barracks Reactor  
  19  1:48  Command Center  
  19  2:02  SCV  
  19  2:05  Supply Depot  
  20  2:14  SCV  
  21  2:18  Marine x2  
  23  2:26  SCV  
  24  2:30  Bunker  
  24  2:36  Marine x2  
  26  2:37  Factory  
  26  2:41  SCV  
  27  2:53  Refinery, SCV  
  27  2:56  Marine  
  27  2:57  Marine  
  30  3:04  Orbital Command  
  30  3:05  SCV  
  31  3:19  SCV  
  34  3:25  Starport  
  32  3:29  Factory Tech Lab, SCV  
  32  3:30  Engineering Bay  
  32  3:31  SCV  
  36  3:41  SCV  
  36  3:43  SCV  
  38  3:48  Cyclone  
  38  3:53  SCV  
  40  3:57  Missile Turret  
  40  3:59  Missile Turret  
  40  4:02  Viking  
  42  4:03  SCV  
  42  4:06  SCV  
  44  4:16  Supply Depot, SCV  
  45  4:19  SCV  
  46  4:33  Command Center  
  46  4:38  SCV x2  
  48  4:43  Refinery  
  48  4:48  Starport Reactor, Siege Tank  
  48  4:50  SCV x2  
  53  4:53  Supply Depot  
  53  5:02  SCV  
  54  5:11  Refinery  
  54  5:15  Supply Depot, SCV x2  
  54  5:18  Terran Infantry Weapons Level 1, Barracks  
  54  5:19  Barracks  
  56  5:26  Medivac  
  56  5:27  SCV x2  
  60  5:31  Marine x2  
  62  5:37  Supply Depot, Siege Tank  
  62  5:39  SCV x2  
  67  5:46  Orbital Command  
  67  5:49  Marine x2  
  69  5:51  SCV x2  
  70  6:10  SCV  
  70  6:12  SCV  
  70  6:14  SCV  
  69  6:24  SCV  
  71  6:27  Barracks Tech Lab x2  
  71  6:32  Barracks, SCV  
  70  6:33  SCV  
  70  6:34  Barracks  
  70  6:35  Supply Depot, Siege Tank  
  70  6:36  SCV  
  70  6:39  Medivac  
  77  6:40  Medivac  
  77  6:44  SCV  
  77  6:45  SCV  
  77  6:46  Barracks Reactor, Combat Shields  
  81  6:47  Marine, Stimpack  
  81  6:48  SCV  
  81  6:52  Marine  
  81  6:53  Orbital Command  
  84  6:56  SCV  
  85  7:02  Supply Depot  
  85  7:03  Supply Depot  
  85  7:05  Marine  
  86  7:10  Marine, Medivac  
  86  7:13  Medivac  
  91  7:18  SCV x2  
  93  7:23  Marine, Siege Tank, SCV  
  93  7:24  Barracks Reactor x2  
  93  7:28  Marine  
  99  7:33  Refinery  
  99  7:39  Marine x2, Refinery  
  99  7:41  Marine  
  102  7:46  Marine  
  103  7:52  Factory  
  103  7:55  Sensor Tower, Widow Mine  
  103  7:56  Marine  
  103  7:57  Marine, Medivac, Sensor Tower, Missile Turret  
  109  7:58  Missile Turret x2  
  109  8:02  Marauder  
  109  8:13  Marine  
  109  8:14  Factory, Terran Infantry Armor Level 1  
  109  8:20  Marine  
  109  8:40  Marine  
  109  8:41  Marine x3  
  109  8:42  Marine x2  
  109  8:43  Marine x2, Medivac  
  109  8:48  Siege Tank  
  108  8:53  Factory Tech Lab  
  108  8:57  Marine, Medivac  
  108  8:59  Marine x3  
  108  9:00  Marine x3, Factory Tech Lab  
  117  9:07  Engineering Bay, Command Center  
  117  9:08  Armory  
  117  9:11  Supply Depot  
  117  9:12  Supply Depot  
  117  9:14  Supply Depot  
  117  9:15  Marine  
  117  9:18  Supply Depot  
  117  9:28  Marine x2  
  117  9:29  Marine x2  
  117  9:30  Marine  
  117  9:31  Medivac  
  117  9:32  Marine x2  
  117  9:33  Marine  
  117  9:35  Siege Tank x3  
  129  9:46  Marine x2  
  129  9:47  Marine x2  
  129  9:48  Marine, Missile Turret  
  129  9:50  Marine x2, Missile Turret  
  129  9:51  Marine  
  131  10:03  Marine x2  
  131  10:06  Widow Mine, Missile Turret x2  
  131  10:07  Marine, Siege Tank, Missile Turret  
  133  10:12  Marine x5  
  144  10:21  Supply Depot, Marine x2  
  144  10:25  Marine  
  144  10:26  Siege Tank  
  150  10:28  Supply Depot  
  150  10:30  Marine x4  
  150  10:33  Marine  
  155  10:39  Marine x2  
  155  10:40  Siege Tank  
  155  10:41  Medivac  
  162  10:53  Marine x4  
  162  10:54  Marine x2, Sensor Tower  
  168  10:57  Marine x2  
  168  10:58  Siege Tank  
  168  11:02  Siege Tank  
  173  11:11  Marine  
  174  11:14  Marine  
  174  11:15  Siege Tank  
  174  11:16  Medivac  
  180  11:37  Marine x4  
  180  11:38  Medivac, Siege Tank  
  180  11:39  Marine x3, Siege Tank  
  177  11:40  Marine  
Show
View Real Time Build Order
Export as new Build Order

VladRock Terran 

Build Orders: Bio Tank, Banshee Rush 

Get SALT Encoding   

  12  0:02  SCV  
  13  0:14  SCV  
  14  0:18  Supply Depot  
  14  0:26  SCV  
  15  0:40  SCV  
  15  0:41  Barracks  
  16  0:44  Refinery  
  16  0:52  SCV  
  16  0:55  Refinery  
  17  1:04  SCV  
  18  1:16  SCV  
  19  1:29  Reaper, Orbital Command  
  20  1:35  Supply Depot  
  20  1:50  Factory  
  20  1:56  SCV  
  21  2:01  Reaper  
  21  2:08  SCV  
  23  2:17  Supply Depot  
  23  2:22  SCV  
  24  2:34  SCV  
  24  2:36  Starport  
  24  2:37  Hellion, Barracks Tech Lab  
  27  2:46  SCV  
  28  2:58  SCV  
  31  3:15  SCV  
  31  3:18  Command Center  
  30  3:21  Cloaking Field  
  30  3:22  Banshee  
  33  3:27  Supply Depot, SCV  
  33  3:29  Factory Tech Lab  
  33  3:32  Marine  
  35  3:39  SCV  
  36  3:48  Siege Tank  
  39  3:51  SCV  
  39  3:52  Supply Depot  
  40  4:01  Marine  
  41  4:03  SCV  
  41  4:05  Raven  
  44  4:15  SCV  
  45  4:19  Marine  
  46  4:26  Siege Tank  
  46  4:28  SCV  
  46  4:29  Refinery  
  46  4:30  Orbital Command  
  50  4:39  Supply Depot  
  50  4:41  SCV  
  51  4:53  SCV, Stimpack  
  51  4:54  Barracks  
  51  4:55  SCV  
  51  4:56  Barracks  
  53  5:05  SCV  
  54  5:08  Marine, Siege Tank  
  54  5:13  SCV  
  59  5:15  Starport Reactor  
  59  5:17  SCV  
  59  5:18  Refinery  
  60  5:25  SCV  
  60  5:26  Supply Depot  
  61  5:29  SCV  
  61  5:34  Marine  
  63  5:37  SCV  
  63  5:40  Siege Tank  
  63  5:41  SCV  
  63  5:42  Engineering Bay  
  68  5:43  Barracks Reactor  
  68  5:49  SCV  
  69  5:53  SCV  
  70  6:06  SCV x2  
  72  6:13  Starport Reactor  
  67  6:24  Marine x2  
  67  6:25  Siege Tank, SCV  
  73  6:28  Terran Infantry Weapons Level 1  
  73  6:30  SCV  
  73  6:31  Command Center  
  74  6:36  Marine x2  
  74  6:37  SCV  
  77  6:42  Barracks, SCV  
  77  6:43  Marine  
  77  6:44  Marine x2  
  77  6:45  Supply Depot, Barracks  
  81  6:50  SCV  
  81  6:52  Missile Turret  
  81  6:54  Marine x2, SCV, Combat Shields, Missile Turret  
  82  7:00  Missile Turret  
  85  7:02  SCV  
  85  7:06  Medivac x2, SCV  
  91  7:09  Supply Depot  
  91  7:14  SCV  
  91  7:15  Missile Turret  
  92  7:19  Missile Turret  
  92  7:21  Marine x2  
  94  7:31  Marine x2, SCV x2  
  94  7:33  Barracks Reactor  
  94  7:36  Barracks Reactor  
  98  7:38  Marine  
  98  7:39  Marine  
  98  7:43  SCV  
  101  7:49  SCV  
  101  7:50  Orbital Command  
  101  7:51  Engineering Bay  
  101  7:52  Armory  
  101  7:54  Medivac x2  
  101  7:55  SCV  
  106  8:08  Marine x2  
  106  8:09  SCV  
  106  8:10  Marine x2, Siege Tank  
  114  8:22  Terran Infantry Armor Level 1  
  114  8:26  Orbital Command  
  114  8:28  Marine x3  
  117  8:34  Supply Depot  
  117  8:35  Marine x3  
  101  8:50  Marine x3  
  101  8:51  Marine x2  
  101  8:52  Marauder  
  108  8:56  SCV  
  108  8:59  Refinery x2  
  108  9:01  Factory  
  109  9:05  Barracks, SCV  
  109  9:06  Marine x2, Barracks  
  109  9:08  Marine x2  
  114  9:10  Marine x4  
  114  9:11  Medivac  
  114  9:12  SCV  
  121  9:21  Marine  
  121  9:24  Marine  
  122  9:25  Marine  
  118  9:34  Marine x3, Siege Tank  
  118  9:35  Terran Vehicle Weapons Level 1, Terran Infantry Weapons Level 2  
  120  9:38  Supply Depot  
  120  9:39  Supply Depot, SCV x2  
  121  10:01  Marine x4  
  121  10:04  Barracks Reactor, Barracks Tech Lab  
  125  10:07  Marine, Command Center  
  125  10:08  Sensor Tower, Siege Tank  
  129  10:20  SCV  
  130  10:22  Sensor Tower  
  130  10:24  Marine  
  131  10:29  Marine  
  131  10:31  Marine x2, Factory Tech Lab  
  131  10:32  Marine  
  131  10:33  Marauder  
  137  10:40  Siege Tank  
  137  10:41  Marine  
  137  10:42  Marine  
  141  10:43  Marine  
  138  11:00  Marine x2  
  133  11:05  Marine x2  
  133  11:09  Liberator x2  
  138  11:12  Siege Tank  
  136  11:25  SCV x2  
  130  11:27  Marine  
  130  11:28  Marine  
  130  11:29  Marauder  
  100  11:50  Marine x3  
  100  11:51  Marine x2  
  98  11:58  SCV  
  98  12:00  Command Center  
Tags
 
Add a new tag
Caveats
  • Supply blocks, unpowered buildings, or Contaminate may cause inaccurate times.
  • Supply counts are checked every 10 seconds.